 Dungeon Crawl Stone Soup version 0.28.0-53-g5a82cb258f (console) character file.

Game seed: 15510625778569341743

1521 Faeu the Cleaver (level 8, -8/96 HPs)
             Began as a Hill Orc Berserker on May 25, 2022.
             Was a Believer of Trog.
             Mangled by a two-headed ogre
             ... wielding a +0 giant spiked club
              (19 damage)
             ... on level 4 of the Dungeon.
             The game lasted 00:11:52 (6294 turns).

Faeu the Cleaver (Hill Orc Berserker)               Turns: 6294, Time: 00:11:53

Health: -8/96      AC: 14    Str: 22    XL:     8   Next: 84%
Magic:  9/9        EV: 11    Int:  7    God:    Trog [**....]
Gold:   137        SH:  0    Dex: 10    Spells: 7/7 levels left

rFire   . . .      SeeInvis +   D - +2 flail (protect) {mace}
rCold   . . .      Faith    .   (no shield)
rNeg    + . .      Spirit   .   m - +0 ring mail
rPois   .          Reflect  .   w - +0 helmet {SInv}
rElec   .          Harm     .   (no cloak)
rCorr   .          Rampage  .   (no gloves)
Will    .....                   A - +0 pair of boots
Stlth   ..........              (no amulet)
HPRegen 0.26/turn               n - ring of positive energy
MPRegen 0.11/turn               (no ring)

@: berserking, under a protective aura, very quick
A: no striking features
a: Renounce Religion, Berserk, Trog's Hand


You were on level 4 of the Dungeon.
You worshipped Trog.
Trog was pleased with you.
You visited 1 branch of the dungeon, and saw 5 of its levels.

You collected 137 gold pieces.


   Skills:
 - Level 3.6 Fighting
 + Level 14.1 Axes
 - Level 2.1 Armour
 - Level 1.5 Dodging
 - Level 2.1 Invocations


You had 7 spell levels left.
You didn't know any spells.
Your spell library was empty.

Inventory:

Hand Weapons
 a - a +0 hand axe {axe}
 h - a +2 dagger of venom {short}
   (You found it on level 1 of the Dungeon)
 j - a +0 dagger of electrocution {short}
   (You took it off a goblin on level 1 of the Dungeon)
 p - a +4 dagger {short}
   (You found it on level 2 of the Dungeon)
 D - a +2 flail of protection (weapon) {mace}
   (You took it off Edmund on level 4 of the Dungeon)
Missiles
 e - 182 stones (quivered) {throwing}
 u - 56 arrows
 v - 29 bolts
 C - 23 sling bullets
Armour
 b - a +0 animal skin
 m - a +0 ring mail (worn)
   (You found it on level 1 of the Dungeon)
 w - a +0 helmet of see invisible (worn)
   (You took it off Robin on level 3 of the Dungeon)
 A - a +0 pair of boots (worn)
   (You found it on level 4 of the Dungeon)
Magical Staves
 g - a staff of cold {forbidden!astaff}
   (You found it on level 1 of the Dungeon)
Jewellery
 n - a ring of positive energy (left hand)
   (You found it on level 1 of the Dungeon)
Scrolls
 c - a scroll of fear {unknown}
 d - 2 scrolls of noise {unknown}
 f - 2 scrolls of vulnerability {unknown}
 i - 5 scrolls of identify {unknown}
 r - a scroll of holy word {unknown}
 s - a scroll of acquirement {unknown}
 t - a scroll of enchant armour {unknown}
 x - a scroll of teleportation {unknown}
 y - a scroll of summoning {unknown}
 z - a scroll of fog {unknown}
 B - a scroll of amnesia {unknown}
Potions
 k - a potion of curing {unknown}
 l - a potion of might {unknown}
 o - a potion of lignification {unknown}
 q - a potion of resistance {unknown}

Dungeon Overview and Level Annotations

Branches:
Dungeon (5/15)
 Temple: D:4-7

Altars:

Shops:
D:2 (   D:3 =

Annotations:
D:3 1 runed translucent door, Crazy Yiuf

#..###.###..........#.###.#
#.......##.....####.##.####
##.####.#..............<#####
#####.......##...#######.####....
......#####......# #...[......#
#####.# #.###..#####.#)####.#.#
#.# #.................#.#.# #.#
#.####..####.#.##.#.#.#
#.#####.####..# #.#.##.#.#.#
#...........O.# #.#.........
####.#######@## #.####....#.
#.#######.# #.# ####...
#.........# #.########.#
########### #.......<..#
############


You could see a two-headed ogre.


Message History

Where to? (Enter - D:4, ? - help)
There is a stone staircase leading down here.
You climb downwards.
The centaur shouts!
There is a stone staircase leading up here.
A centaur is nearby!
The bat hits something. x2; The centaur wields a +0 shortbow.
The centaur shoots an arrow.
The arrow closely misses you.
The bat hits something.
The bat hits the fungus.
The centaur shoots an arrow.
The arrow hits you.
The bat hits the fungus.
The centaur shoots an arrow.
The arrow hits you!
The bat hits the fungus. 😕 HP[-9]
You take 9 damage, and now have 55/64 hp.
The bat hits the fungus. x3
The bat hits the fungus. x3
A nearby fungus withers and dies.
The centaur shoots an arrow.
The arrow hits you! 😮 HP[-7]
You take 7 damage, and now have 48/64 hp.
The centaur shoots an arrow.
The arrow closely misses you.
The centaur unwields a +0 shortbow.
The centaur hits you. The centaur barely misses you. 😮 HP[-1]
You take 1 damage, and now have 47/64 hp.
You hit the centaur but do no damage.
Your weapon exudes an aura of protection.
The centaur hits you. The centaur closely misses you.
The centaur barely misses you.
The centaur closely misses you. 😮 HP[-1]
You take 1 damage, and now have 46/64 hp.
You hit the centaur but do no damage. The centaur barely misses you.
The centaur kicks you but does no damage.
You sock the centaur!
The centaur hits you but does no damage.
The centaur barely misses you.
The centaur hits you but does no damage.
The centaur closely misses you. 😮 HP[+1]
You hit the centaur. The centaur closely misses you.
The centaur kicks you but does no damage.
You barely miss the centaur. The centaur misses you.
The centaur kicks you but does no damage.
The centaur hits you but does no damage.
The centaur misses you.
You barely miss the centaur.
The centaur hits you but does no damage.
The centaur barely misses you.
You sock the centaur!
You kill the centaur!
Trog accepts your kill.
Your Axes skill increases to level 14!
u - 56 arrows (gained 16)
Things that are here:
a +0 shortbow {bow}; a centaur corpse 😮 HP[+1]
C - 23 sling bullets (gained 11) 😕 HP[+1] 😕 HP[+1]
A howler monkey and a two-headed ogre come into view.
The two-headed ogre shouts in stereo!
The howler monkey hoots and howls with incredible vigour!
There is a stone staircase leading up here. 😕 HP[+1]
You climb upwards.
There is a stone staircase leading down here.
You start resting.
HP restored. 😎 HP[+13]
You climb downwards.
The two-headed ogre barely misses you.
The two-headed ogre hits you with a +0 giant club!
There is a stone staircase leading up here. 😕 HP[-12]
You take 12 damage, and now have 52/64 hp.
The two-headed ogre hits you with a +0 giant spiked club!
The two-headed ogre barely misses you.
You climb upwards.
There is a stone staircase leading down here. 😮 HP[-10]
You take 10 damage, and now have 42/64 hp.
A red film seems to cover your vision as you go berserk!
You feel yourself moving faster!
You feel mighty!
The two-headed ogre completely misses you.
The two-headed ogre hits you with a +0 giant club!!
* * * LOW HITPOINT WARNING * * *
😨 HP[-1]
You now have 96 max hp (+32).
You sock the two-headed ogre!
Your weapon exudes an aura of protection.
You sock the two-headed ogre! The two-headed ogre barely misses you.
The two-headed ogre hits you but does no damage.
You thump the two-headed ogre! You barely miss the two-headed ogre.
The two-headed ogre hits you with a +0 giant spiked club!
* * * LOW HITPOINT WARNING * * *
The two-headed ogre completely misses you. 😨 HP[-8]
You take 8 damage, and now have 33/96 hp.
You barely miss the two-headed ogre. You sock the two-headed ogre!
The two-headed ogre hits you with a +0 giant spiked club!!
* * * LOW HITPOINT WARNING * * *
The two-headed ogre hits you with a +0 giant club!!
You die...

Skill      XL: |  1  2  3  4  5  6  7  8 |
---------------+-------------------------+-----
Invocations    | 1 2 |  2.1
Axes           | 5 8 10 11 14 | 14.1
Fighting       | |  3.6
Armour         | |  2.1
Dodging        | |  1.5

Action                   |  1- 3 |  4- 6 |  7- 9 || total
-------------------------+-------+-------+-------++-------
Melee: Hand axe          |   188 |    56 |   130 ||   374
       Punch             |     1 |     1 |     3 ||     5
       Flail             |       |       |    45 ||    45
Invok: Berserk           |     2 |     3 |     6 ||    11
Armor: Ring mail         |    42 |    26 |    60 ||   128
       Animal skin       |     6 |       |       ||     6
Dodge: Dodged            |   101 |    42 |    89 ||   232

Levels and vault maps discovered:
D:1:      saegor_arrival_miasma, layout_basic
D:2:      layout_loops_ring, serial_shops, nicolae_shop_bloodbath_and_beyond,
          dreamdust_ecumenical_altar_hidden_monk_grotto
D:3:      layout_loops_corners, serial_shops, shop, kennysheep_generic_room_7,
          uniq_crazy_yiuf_cottage, uniq_robin, uniq_sigmund, uniq_grinder
D:4:      nicolae_cairo_tiling_large_dashed, layout_loops_ring,
          hangedman_decor_opposing, uniq_pikel, uniq_edmund
D:5:      layout_rooms, serial_aquarium, aquarium_bridge_long_separate
          [aquarium_subvault_bridge, aquarium_subvault_wall,
          aquarium_subvault_balcony, aquarium_subvault_window,
          aquarium_subvault_wall, aquarium_subvault_bridge],
          aquarium_bridge_square [aquarium_subvault_bridge,
          aquarium_subvault_bridge, aquarium_subvault_wall,
          aquarium_subvault_bridge], aquarium_window_fake, aquarium_window_1,
          aquarium_view_2a, aquarium_view_4, aquarium_balcony_double_1,
          aquarium_pool_corner, uniq_ijyb

Notes
Turn   | Place    | Note
-------+----------+-------------------------------------------
     0 | D:1      | Faeu the Hill Orc Berserker began the quest for the Orb.
     0 | D:1      | Reached XP level 1. HP: 19/19 MP: 1/1
     0 | D:1      | magus.rc [v1.9.6]
    57 | D:1      | HP: 7/28 [kobold/+0 short sword (2)]
   350 | D:1      | Reached skill level 1 in Invocations
   356 | D:1      | Reached XP level 2. HP: 20/26 MP: 1/3
  1195 | D:1      | Reached skill level 2 in Invocations
  1632 | D:1      | Reached XP level 3. HP: 28/31 MP: 4/4
  1681 | D:1      | Reached skill level 5 in Axes
  2361 | D:2      | Found Caesast's Weapon Shoppe.
  2397 | D:2      | Reached ** piety under Trog
  2550 | D:2      | Reached XP level 4. HP: 33/39 MP: 5/5
  2690 | D:2      | Reached skill level 6 in Axes
  2750 | D:2      | Found a faded altar of an unknown god.
  2933 | D:3      | Found Foeqaaj's Jewellery Emporium.
  3039 | D:3      | Noticed Grinder
  3039 | D:3      | Paralysed by Grinder for 3 turns
  3050 | D:3      | Killed Grinder
  3051 | D:3      | Reached skill level 8 in Axes
  3051 | D:3      | Reached XP level 5. HP: 45/45 MP: 6/6
  3051 | D:3      | Reached XP level 6. HP: 51/51 MP: 7/7
  3209 | D:3      | Reached skill level 9 in Axes
  3566 | D:3      | Noticed Sigmund
  3580 | D:3      | HP: 16/76 [something (11)]
  3585 | D:3      | Killed Sigmund
  3586 | D:3      | Reached skill level 10 in Axes
  3586 | D:3      | Reached XP level 7. HP: 15/57 MP: 8/8
  4265 | D:3      | Found a runed translucent door.
  4266 | D:3      | Noticed Crazy Yiuf
  4530 | D:3      | Noticed Robin
  4555 | D:3      | Killed Robin
  4971 | D:4      | Reached skill level 11 in Axes
  5082 | D:4      | Reached *** piety under Trog
  5635 | D:4      | Noticed Edmund
  5636 | D:4      | Reached XP level 8. HP: 64/64 MP: 9/9
  5642 | D:4      | Killed Edmund
  5643 | D:4      | Reached skill level 12 in Axes
  5954 | D:4      | Noticed Pikel
  5967 | D:4      | Killed Pikel
  5968 | D:4      | Reached skill level 13 in Axes
  6188 | D:5      | Entered Level 5 of the Dungeon
  6204 | D:5      | Reached skill level 14 in Axes
  6216 | D:5      | Noticed a two-headed ogre
  6294 | D:4      | HP: 11/96 [two-headed ogre/+0 giant spiked club (22)]
  6294 | D:4      | Mangled by a two-headed ogre

Vanquished Creatures
  Pikel (D:4)
  Grinder (D:3)
  Sigmund (D:3)
  Edmund (D:4)
  An ogre (D:4)
  A necrophage (D:4)
  3 lemures (D:4)
  2 centaurs
  A jelly (D:4)
  An orc priest (D:3)
  2 iguanas (D:4)
  Robin (D:3)
  3 adders
  An adder skeleton (D:4)
  2 dart slugs
  7 orcs (D:3)
  7 endoplasms
  3 giant cockroaches
  13 goblins
  17 hobgoblins
  3 jackals (D:1)
  6 kobolds
  2 quokkas
  7 ball pythons
  5 bats
  5 frilled lizards
  6 rats
103 creatures vanquished.

Vanquished Creatures (others)
  13 fungi
13 creatures vanquished.

Grand Total: 116 creatures vanquished

Table legend:
 A = Non-vault XP
 B = Vault XP
 C = Vault XP percentage of total XP
 D = Non-vault monster count
 E = Vault monster count
 F = Vault count percentage of total count
                 A         B        C        D         E       F
            +---------+---------+-------+---------+---------+-------
      Total |     797 |    1377 |  63.3 |      83 |      17 |  17.0
            +---------+---------+-------+---------+---------+-------
        D:1 |      46 |       0 |   0.0 |      27 |       0 |   0.0
        D:2 |      50 |       0 |   0.0 |      19 |       0 |   0.0
        D:3 |     209 |     551 |  72.5 |      22 |      15 |  40.5
        D:4 |     380 |     826 |  68.5 |      14 |       2 |  12.5
        D:5 |     112 |       0 |   0.0 |       1 |       0 |   0.0
            +---------+---------+-------+---------+---------+-------

Illustrated notes

Table legend:
 A = Kills in this place as a percentage of kills in entire the game.
 B = Kills by you in this place as a percentage of kills by you in the entire game.
 C = Kills by friends in this place as a percentage of kills by friends in the entire game.
 D = Other kills in this place as a percentage of other kills in the entire game.
 E = Experience gained in this place as a percentage of experience gained in the entire game.
 F = Experience gained in this place divided by the number of levels of this place that you have seen.
                   A       B       C       D       E      F
               +-------+-------+-------+-------+-------+----------------------
         Total | 100.0 | 100.0 |   N/A |   N/A | 100.0 | 434.8
       Dungeon | 100.0 | 100.0 |   N/A |   N/A | 100.0 | 434.8
               +-------+-------+-------+-------+-------+----------------------

Table legend: (Time is in decaauts)
 A = Elapsed time spent in this place.
 B = Non-inter-level travel time spent in this place.
 C = Inter-level travel time spent in this place.
 D = Time resting spent in this place.
 E = Time spent auto-exploring this place.
 F = Levels seen in this place.
 G = Mean time per level.
                   A        B        C        D        E       F      G
               +--------+--------+--------+--------+--------+-----+--------+
         Total |   6351 |   6247 |    104 |   1051 |   3983 |   5 | 1270.2 |
       Dungeon |   6351 |   6247 |    104 |   1051 |   3983 |   5 | 1270.2 |
               +--------+--------+--------+--------+--------+-----+--------+

Top non-repeatable levels by time:
     D:3: 2021 daAuts
     D:1: 1992 daAuts
     D:4: 1329 daAuts
     D:2: 972 daAuts
     D:5: 35 daAuts
